 Dungeon Crawl Stone Soup version 0.27-a0-1245-g940ed4fa31 (webtiles) character file.

Game seed: 15449328285289252123

8714 demibob the Carver (level 11, -10/89 HPs)
             Began as a Demonspawn Berserker on June 9, 2021.
             Was a High Priest of Trog.
             Mangled by Snorg (12 damage)
             ... on level 12 of the Dungeon.
             The game lasted 00:30:35 (13223 turns).

demibob the Carver (Demonspawn Berserker)          Turns: 13223, Time: 00:30:36

Health: -10/89     AC: 17    Str: 20    XL:     11   Next: 13%
Magic:  11/11      EV:  8    Int:  8    God:    Trog [*****.]
Gold:   454        SH:  5    Dex: 14    Spells: 10/10 levels left

rFire    + . .     SeeInvis .   a - +1 falchion
rCold    + . .     Faith    .   (no shield)
rNeg     . . .     Spirit   .   s - +1 chain mail {rC+}
rPois    +         Reflect  +   (helmet restricted)
rElec    .         Harm     .   h - +2 cloak
rCorr    .         Rampage  .   (no gloves)
Will     .....                  (no boots)
Stlth    ..........             q - amulet of reflection
HPRegen  0.24/turn              F - ring of protection from fire
MPRegen  0.24/turn              P - ring of poison resistance

@: on berserk cooldown, slowed, very slow
A: antennae 1, slimy green scales 2, powered by death 1, magic regeneration
a: Renounce Religion, Berserk, Trog's Hand, Brothers in Arms


You were on level 12 of the Dungeon.
You worshipped Trog.
Trog was extremely pleased with you.
You visited 1 branch of the dungeon, and saw 11 of its levels.

You collected 496 gold pieces.
You spent 42 gold pieces at shops.


Innate Abilities, Weirdness & Mutations

You have a pair of small antennae on your head.
You are mostly covered in slimy green scales. (AC +3)
You regenerate a little health from kills.
You regenerate magic rapidly.


   Skills:
 - Level 9.2 Fighting
 + Level 11.6 Long Blades
 - Level 5.6 Armour
 - Level 1.7 Dodging
 + Level 6.1 Evocations


You had 10 spell levels left.
You didn't know any spells.
Your spell library was empty.

Inventory:

Hand Weapons
 a - a +1 falchion (weapon)
 p - a +2 dagger of electrocution
Missiles
 u - 2 throwing nets {=f}
Armour
 h - a +2 cloak (worn)
 s - a +1 chain mail of cold resistance (worn)
Jewellery
 f - a ring of fire
 q - an amulet of reflection (around neck)
 A - an amulet of the acrobat
 F - a ring of protection from fire (left hand)
 I - a +6 ring of intelligence
 P - a ring of poison resistance (right hand)
Wands
 g - a wand of charming (5)
 n - a wand of iceblast (3)
 o - a wand of polymorph (25)
Scrolls
 i - a scroll of fog {unknown}
 r - 3 scrolls of enchant armour
 v - a scroll of torment {unknown}
Potions
 b - 2 potions of curing {@q1}
 c - 2 potions of degeneration {unknown}
 d - a potion of magic {unknown}
 k - 3 potions of lignification {unknown}
 l - a potion of haste {@q3}
 m - 2 potions of brilliance {unknown}
Miscellaneous
 j - a piece from Xom's chessboard (15/15)

Dungeon Overview and Level Annotations

Branches:
Dungeon (12/15)            Temple (0/1) D:7
   Lair: D:8-11         Orc: D:9-12

Altars:
Elyvilon
Makhleb
Okawaru
Sif Muna
Yredelemnul

Shops:
D:1 *   D:7 (

Annotations:
D:6 2 runed translucent doors, christhawk's ghost, novice GnHu
D:12 Snorg

#.#####......
#.###....##......
#.....##.##.[....
########.##.........
.........#####......
####..#...# #......
########....#.#
#......
......TO#.###.#
#######
#######@#.....#
#...####### #.### #.
#


You could see Snorg (berserk, ally target) and a friendly ogre (summoned,
berserk).


Message History

* * * LOW HITPOINT WARNING * * *
Snorg claws you.
* * * LOW HITPOINT WARNING * * *
Snorg barely misses you. Snorg bites you!
* * * LOW HITPOINT WARNING * * *
Snorg claws you but does no damage. Snorg claws you!
* * * LOW HITPOINT WARNING * * *
Okay, then.
Aiming: Charm
Press: ? - help, Shift-Dir - straight line, f - Snorg
Aim: Snorg (severely wounded, berserk, chance to affect: 29%) Snorg is charmed.
Snorg rages.
You feel much better.
Use which ability? (? or * to list)
Your ogre goes berserk!
Snorg rages. x2
Snorg rages.
Your ogre rages.
Really attack your ally Snorg?
You closely miss Snorg.
Snorg is no longer charmed.
Snorg is severely wounded.
You block Snorg's attack. Snorg claws you!!
* * * LOW HITPOINT WARNING * * *
Snorg closely misses you.
Your ogre hits Snorg with a +0 giant club!!
Snorg bites you!!
* * * LOW HITPOINT WARNING * * *
Snorg claws you!
You die...

Skill      XL: |  1  2  3  4  5  6  7  8  9 10 11 |
---------------+----------------------------------+-----
Long Blades    | 3 4 5 6 8 9 11 | 11.6
Armour         | 2 3 4 5 |  5.6
Fighting       | 4 5 7 9 |  9.2
Evocations     | 5 6 |  6.1
Dodging        | |  1.7

Action                   |  1- 3 |  4- 6 |  7- 9 | 10-12 || total
-------------------------+-------+-------+-------+-------++-------
Melee: Falchion          |   112 |   143 |   475 |   535 ||  1265
Invok: Berserk           |     2 |     3 |    15 |    11 ||    31
       Trog's Hand       |       |       |     3 |     1 ||     4
       Brothers in Arms  |       |       |     1 |     4 ||     5
Evoke: Wand              |       |       |     1 |     5 ||     6
  Use: Scroll            |     4 |     1 |     7 |     3 ||    15
       Potion            |       |     1 |     2 |     4 ||     7
 Stab: Sleeping          |       |     1 |       |       ||     1
Armor: Animal skin       |    26 |       |       |       ||    26
       Leather armour    |    10 |    65 |    83 |       ||   158
       Chain mail        |       |       |   169 |   298 ||   467
Dodge: Dodged            |    78 |    71 |   202 |   187 ||   538
Block: Other             |       |       |    62 |   115 ||   177
       Reflection        |       |       |     6 |       ||     6
       Rpst.: Falchion   |    25 |    22 |    52 |    39 ||   138

Levels and vault maps discovered:
D:1:      heliophobic_arrival_enchanted_forest, layout_loops_corners,
          serial_shops, shop
D:2:      minmay_wonky_spiral, layout_loops_cross
D:3:      layout_loops_corners
D:4:      minmay_diamond_boxcup, layout_layer_cave, bloody_makhleb,
          grunt_ministairs_9, minmay_pentomino_pile, uniq_edmund
D:5:      minmay_inner_zag, layout_loops_ring, uniq_blork_the_orc, uniq_ijyb
D:6:      layout_cave_pools, serial_column_ruins, column_ruins_hut,
          column_ruins_open_tiny, column_ruins_columns_corner,
          column_ruins_open_small, column_ruins_grid_1, column_ruins_grid_1,
          ebering_ghost_sewer_f, uniq_sigmund, uniq_pikel, uniq_duvessa,
          uniq_eustachio
D:7:      layout_basic, minmay_temple_entry_antechambers, serial_shops, shop,
          feat_on_display
D:8:      layout_layer_cave, gammafunk_temple_overflow_statue,
          chequers_serial_rivers_small_b, chequers_serial_rivers_small_a
D:9:      kennysheep_seaside_town, layout_basic, kennysheep_ying_yang,
          hangedman_decor_push
D:11:     layout_layer_cave, corexii_checkpoint_b
D:12:     layout_basic, serial_shops, nicolae_shop_behind_doors, uniq_snorg

Notes
Turn   | Place    | Note
-------+----------+-------------------------------------------
     0 | D:1      | demibob the Demonspawn Berserker began the quest for the
                  | Orb.
     0 | D:1      | Reached XP level 1. HP: 18/18 MP: 1/1
   259 | D:1      | Reached skill level 3 in Long Blades
   534 | D:1      | Gained mutation: You are partially covered in slimy green
                  | scales. (AC +2) [demonic ancestry]
   534 | D:1      | Reached XP level 2. HP: 24/24 MP: 2/2
   870 | D:1      | Found Fiulimn's General Store.
   940 | D:1      | Reached ** piety under Trog
  1023 | D:1      | Gained mutation: You regenerate magic rapidly. [demonic
                  | ancestry]
  1023 | D:1      | Reached XP level 3. HP: 29/29 MP: 3/3
  1467 | D:2      | Reached skill level 4 in Long Blades
  2003 | D:2      | Reached XP level 4. HP: 35/35 MP: 4/4
  2286 | D:1      | Bought a potion of curing for 42 gold pieces
  2423 | D:3      | Reached *** piety under Trog
  2602 | D:3      | Reached skill level 5 in Long Blades
  3185 | D:3      | Reached XP level 5. HP: 41/41 MP: 5/5
  3678 | D:4      | Noticed a black bear
  3684 | D:4      | Killed a black bear
  3685 | D:4      | Reached skill level 2 in Armour
  3921 | D:4      | Gained mutation: You are mostly covered in slimy green
                  | scales. (AC +3) [demonic ancestry]
  3921 | D:4      | Reached XP level 6. HP: 48/48 MP: 6/6
  4046 | D:4      | Noticed Edmund
  4058 | D:4      | Killed Edmund
  4059 | D:4      | Reached skill level 4 in Fighting
  4059 | D:4      | Reached skill level 3 in Armour
  4267 | D:4      | Found a burning altar of Makhleb.
  4520 | D:4      | Reached skill level 6 in Long Blades
  4520 | D:4      | Reached XP level 7. HP: 46/54 MP: 7/7
  4976 | D:5      | Entered Level 5 of the Dungeon
  5024 | D:5      | Noticed Blork the orc
  5036 | D:5      | Killed Blork the orc
  5097 | D:5      | Reached **** piety under Trog
  5098 | D:5      | Reached skill level 5 in Fighting
  5098 | D:5      | Reached skill level 4 in Armour
  5347 | D:5      | Reached XP level 8. HP: 63/63 MP: 8/8
  5626 | D:5      | Reached skill level 7 in Long Blades
  5632 | D:5      | Noticed Ijyb
  5783 | D:5      | Killed Ijyb
  5784 | D:5      | Reached skill level 6 in Fighting
  6589 | D:5      | Reached skill level 7 in Fighting
  6724 | D:6      | Noticed Sigmund
  6734 | D:6      | Killed Sigmund
  6735 | D:6      | Reached skill level 8 in Long Blades
  6875 | D:6      | Found a runed translucent door.
  6879 | D:6      | Noticed christhawk's ghost (novice GnHu)
  6885 | D:6      | Noticed Dowan
  6886 | D:6      | Noticed Eustachio
  6886 | D:6      | Noticed Duvessa
  6901 | D:6      | Killed Eustachio
  6902 | D:6      | Reached XP level 9. HP: 72/72 MP: 9/9
  6908 | D:6      | Killed Duvessa
  6910 | D:6      | Killed Dowan
  6978 | D:6      | Found a runed translucent door.
  7251 | D:6      | Reached skill level 8 in Fighting
  7391 | D:6      | Reached skill level 9 in Long Blades
  7599 | D:6      | Noticed Pikel
  7679 | D:6      | Killed Pikel
  7680 | D:6      | Reached skill level 9 in Fighting
  8212 | D:7      | Found Gabieci's Weapon Emporium.
  8812 | D:7      | Gained mutation: You regenerate a little health from kills.
                  | [demonic ancestry]
  8812 | D:7      | Reached XP level 10. HP: 79/83 MP: 10/10
  8829 | D:7      | Found a staircase to the Ecumenical Temple.
  8869 | D:7      | Reached skill level 10 in Long Blades
  8869 | D:7      | Reached skill level 5 in Armour
 10155 | D:8      | Reached skill level 1 in Evocations
 10163 | D:8      | Reached ***** piety under Trog
 10253 | D:8      | Reached skill level 2 in Evocations
 10413 | D:8      | Found a shimmering blue altar of Sif Muna.
 10413 | D:8      | Found an iron altar of Okawaru.
 10818 | D:9      | Reached skill level 3 in Evocations
 11546 | D:9      | Reached skill level 4 in Evocations
 11693 | D:9      | Reached skill level 11 in Long Blades
 11856 | D:9      | Found a basalt altar of Yredelemnul.
 12442 | D:9      | Reached skill level 5 in Evocations
 12724 | D:9      | You fall into a shaft and drop 3 floors!
 12977 | D:12     | Noticed a deep elf pyromancer
 13013 | D:12     | Killed a deep elf pyromancer
 13014 | D:12     | Gained mutation: You have a pair of small antennae on your
                  | head. [demonic ancestry]
 13014 | D:12     | Reached XP level 11. HP: 89/89 MP: 11/11
 13042 | D:12     | Noticed an eight-headed hydra
 13045 | D:12     | Killed an eight-headed hydra
 13080 | D:11     | Noticed a boulder beetle
 13189 | D:12     | Noticed Snorg
 13196 | D:12     | Reached skill level 6 in Evocations
 13223 | D:12     | HP: 2/89 [Snorg (19)]
 13223 | D:12     | Mangled by Snorg

Vanquished Creatures
  A deep elf pyromancer (D:12)
  Pikel (D:6)
  A troll (D:8)
  A hornet (D:8)
  Sigmund (D:6)
  Eustachio (D:6)
  2 wyverns (D:8)
  3 yaks (D:12)
  2 vampire mosquitoes (D:12)
  Edmund (D:4)
  3 water moccasins
  4 black bears
  2 necrophages
  2 sky beasts
  8 orc warriors
  An ice beast (D:7)
  3 ogres
  3 phantoms
  9 centaurs
  4 lemures (D:6)
  2 kobold brigands
  Blork the orc (D:5)
  2 gnoll sergeants
  2 bullfrogs
  2 scorpions
  5 killer bees (D:8)
  A howler monkey (D:6)
  A bullfrog zombie (D:7)
  2 jellies
  3 hounds
  3 orc priests
  2 centaur zombies
  6 gnoll shamans
  A bullfrog skeleton (D:5)
  Ijyb (D:5)
  2 iguanas
  7 orc wizards
  A scorpion zombie (D:5)
  2 killer bee zombies
  A hound zombie (D:5)
  A howler monkey zombie (D:8)
  27 gnolls
  9 adders
  A howler monkey skeleton (D:5)
  2 white imps
  An ufetubus (D:4)
  An adder skeleton (D:4)
  2 worms (D:4)
  3 dart slugs
  27 orcs
  8 ball pythons
  9 bats
  3 endoplasms
  5 giant cockroaches
  9 goblins
  8 hobgoblins
  11 jackals
  5 quokkas
  6 frilled lizards
  18 kobolds
  5 rats
261 creatures vanquished.

Vanquished Creatures (collateral kills)
  A hydra (D:12)
  A gargoyle (D:12)
  An acid dragon (D:9)
  Duvessa (D:6)
  A centaur (D:12)
  Dowan (D:6)
  A gnoll (D:9)
7 creatures vanquished.

Vanquished Creatures (others)
  A fungus (D:9)
  7 plants (D:9)
8 creatures vanquished.

Grand Total: 276 creatures vanquished

Table legend: (Time is in decaauts)
 A = Elapsed time spent in this place.
 B = Non-inter-level travel time spent in this place.
 C = Inter-level travel time spent in this place.
 D = Time resting spent in this place.
 E = Time spent auto-exploring this place.
 F = Levels seen in this place.
 G = Mean time per level.
                   A        B        C        D        E       F      G
               +--------+--------+--------+--------+--------+-----+--------+
         Total |  13313 |  12754 |    559 |   2418 |   8251 |  11 | 1210.3 |
       Dungeon |  13313 |  12754 |    559 |   2418 |   8251 |  11 | 1210.3 |
               +--------+--------+--------+--------+--------+-----+--------+

Top non-repeatable levels by time:
     D:8: 1835 daAuts
     D:4: 1823 daAuts
     D:5: 1787 daAuts
     D:9: 1704 daAuts
     D:1: 1399 daAuts
     D:6: 1238 daAuts
     D:7: 1067 daAuts
     D:3: 1001 daAuts
     D:2: 983 daAuts
    D:12: 431 daAuts
    D:11: 42 daAuts

Table legend:
 A = Non-vault XP
 B = Vault XP
 C = Vault XP percentage of total XP
 D = Non-vault monster count
 E = Vault monster count
 F = Vault count percentage of total count
                 A         B        C        D         E       F
            +---------+---------+-------+---------+---------+-------
      Total |    9043 |    3406 |  27.4 |     212 |      52 |  19.7
            +---------+---------+-------+---------+---------+-------
        D:1 |      47 |       0 |   0.0 |      29 |       0 |   0.0
        D:2 |      87 |       3 |   3.3 |      21 |       3 |  12.5
        D:3 |      59 |       0 |   0.0 |      21 |       0 |   0.0
        D:4 |     210 |     493 |  70.1 |       7 |      18 |  72.0
        D:5 |     975 |     533 |  35.3 |      29 |       6 |  17.1
        D:6 |    1162 |    1291 |  52.6 |      26 |       5 |  16.1
        D:7 |     868 |       0 |   0.0 |      12 |       0 |   0.0
        D:8 |    2076 |       0 |   0.0 |      28 |       0 |   0.0
        D:9 |    1083 |    1086 |  50.1 |      29 |      20 |  40.8
       D:12 |    2476 |       0 |   0.0 |      10 |       0 |   0.0
            +---------+---------+-------+---------+---------+-------
